Map: Romanticide LE

Players

Maplez

  • Race: Protoss Protoss

Neeb - Winner!

  • Race: Protoss Protoss

VOD

Have the link to the VOD?

Description

Time

  • Played on: Oct. 9, 2021, 3:10 p.m.
  • Length: 7:19
Show
View Real Time Build Order
Export as new Build Order

Maplez Protoss 

Build Orders: Blink Stalkers 

Get SALT Encoding   

  12  0:00  Probe  
  13  0:12  Probe  
  14  0:17  Pylon  
  14  0:24  Probe (Chrono Boost)  
  15  0:37  Probe (Chrono Boost)  
  15  0:38  Gateway  
  16  0:44  Probe (Chrono Boost)  
  16  0:48  Assimilator  
  17  0:51  Probe  
  18  1:00  Assimilator  
  18  1:03  Probe  
  19  1:11  Gateway  
  19  1:15  Probe  
  20  1:25  Cybernetics Core  
  20  1:28  Probe  
  21  1:36  Pylon  
  21  1:40  Probe  
  22  1:52  Probe  
  23  2:00  Warp Gate (Chrono Boost)  
  23  2:02  Stalker x2  
  28  2:16  Pylon  
  27  2:23  Twilight Council  
  27  2:28  Pylon  
  27  2:32  Probe  
  27  2:46  Stalker x2  
  31  2:56  Gateway  
  31  2:59  Blink (Chrono Boost)  
  31  3:17  Gateway  
  31  3:24  Pylon  
  31  3:42  Stalker x2  
  31  3:45  Pylon  
  35  3:52  Stalker  
  37  4:07  Stalker x2  
  41  4:16  Stalker  
  43  4:22  Stalker  
  45  4:31  Stalker  
Show
View Real Time Build Order
Export as new Build Order

Neeb Protoss - Winner!

Build Orders:  

Get SALT Encoding   

  12  0:01  Probe  
  13  0:13  Probe  
  14  0:17  Pylon  
  14  0:25  Probe (Chrono Boost)  
  15  0:37  Gateway, Probe (Chrono Boost)  
  16  0:45  Probe (Chrono Boost)  
  16  0:47  Assimilator  
  17  0:52  Probe  
  18  1:00  Assimilator  
  19  1:04  Probe (Chrono Boost)  
  19  1:11  Gateway  
  19  1:16  Probe (Chrono Boost)  
  20  1:21  Probe (Chrono Boost)  
  21  1:27  Cybernetics Core  
  21  1:30  Probe  
  22  1:36  Pylon  
  22  1:42  Probe  
  23  1:54  Probe  
  24  2:01  Warp Gate (Chrono Boost)  
  24  2:04  Stalker x2  
  24  2:06  Probe  
  29  2:15  Pylon  
  29  2:30  Robotics Facility  
  29  2:35  Stalker  
  31  2:39  Stalker  
  33  2:50  Gateway  
  32  3:01  Pylon  
  32  3:09  Stalker  
  32  3:11  Stalker  
  35  3:25  Warp Prism (Chrono Boost)  
  37  3:47  Stalker x2  
  41  3:48  Stalker  
  43  3:57  Pylon  
  43  4:16  Stalker  
  43  4:17  Stalker  
  47  4:18  Stalker  
  53  4:46  Stalker x3  
  34  5:15  Stalker  
Tags
 
Add a new tag
Caveats
  • Supply blocks, unpowered buildings, or Contaminate may cause inaccurate times.
  • Supply counts are checked every 10 seconds.